 Dungeon Crawl Stone Soup version 0.20.0-15-g7f486f2 (webtiles) character file.

11025 Hook the Covert (level 11, -7/52 HPs)
             Began as a Vine Stalker Enchanter on June 20, 2017.
             Was a Believer of Dithmenos.
             Mangled by Urug
             ... wielding a +6 double sword
              (22 damage)
             ... on level 2 of the Lair of Beasts.
             The game lasted 00:41:56 (10812 turns).

Hook the Covert (Vine Stalker Enchanter)           Turns: 10812, Time: 00:41:57

Health: -7/52      AC:  6    Str: 10    XL:     11   Next: 71%
Magic:  0/23       EV: 21    Int: 15    God:    Dithmenos [**....]
Gold:   667        SH:  0    Dex: 19    Spells: 4/25 levels left

rFire    . . .     SeeInvis .   a - +3 dagger
rCold    . . .     Gourm    .   (no shield)
rNeg     . . .     Faith    .   s - +2 robe {MR+}
rPois    .         Spirit   +   D - +0 helmet
rElec    .         Reflect  .   G - +0 cloak
rCorr    .         Harm     .   (no gloves)
MR       ++...                  (no boots)
Stlth    ++++++....             (no amulet)
Regen    0.6/turn               j - +3 ring of evasion
MPRegen  0.2/turn               p - ring of wizardry

@: wreathed by umbra
A: fangs 3, regeneration 1, magic shield, antimagic bite, no potion heal 3, rot
immunity
a: Shadow Step, Renounce Religion


You were on level 2 of the Lair of Beasts.
You worshipped Dithmenos.
Dithmenos was pleased with you.
You were not hungry.

You visited 2 branches of the dungeon, and saw 11 of its levels.

You collected 667 gold pieces.

Inventory:

Hand Weapons
 a - a +3 dagger (weapon)
Missiles
 y - 17 tomahawks (quivered)
 J - 7 javelins
Armour
 b - a +1 robe
 s - a +2 robe of magic resistance (worn)
 D - a +0 helmet (worn)
 G - a +0 cloak (worn)
Jewellery
 g - a cursed ring of loudness {unknown}
 j - a +3 ring of evasion (left hand)
 p - a ring of wizardry (right hand)
Wands
 E - a wand of lightning (4/15)
 L - a wand of lightning (6/15)
 M - a wand of paralysis (15/24)
Scrolls
 d - 3 scrolls of teleportation
 m - a scroll of blinking
 t - 3 scrolls of identify
 v - 3 scrolls of magic mapping
 z - a scroll of fear {unknown}
 A - 4 scrolls of remove curse
 B - a scroll of noise {unknown}
 C - 2 scrolls of enchant armour
Potions
 e - 4 potions of curing {unknown}
 f - 3 potions of heal wounds {unknown}
 h - 2 potions of berserk rage {unknown}
 i - 3 potions of flight {unknown}
 k - 2 potions of agility {unknown}
 l - 4 potions of haste {unknown}
 n - a potion of might {unknown}
 q - 4 potions of cancellation {unknown}
 w - 2 potions of ambrosia {unknown}
 I - a potion of mutation {unknown}
 P - a potion of resistance {unknown}
Books
 c - a book of Maledictions

   Spells                             Type                      Level
   a - Corona                         Hexes                        1
   b - Ensorcelled Hibernation        Hexes/Ice                    2
   c - Confuse                        Hexes                        3
   d - Tukima's Dance                 Hexes                        3
   e - Dazzling Spray                 Conjuration/Hexes            3
 r - a book of Cantrips

   Spells                             Type                      Level
   a - Confusing Touch                Hexes                        1
   b - Animate Skeleton               Necromancy                   1
   c - Summon Small Mammal            Summoning                    1
   d - Apportation                    Translocation                1
 F - a book of Necromancy

   Spells                             Type                      Level
   a - Pain                           Necromancy                   1
   b - Animate Skeleton               Necromancy                   1
   c - Vampiric Draining              Necromancy                   3
   d - Regeneration                   Charms/Necromancy            3
   e - Animate Dead                   Necromancy                   4
   f - Control Undead                 Necromancy                   4
 K - a book of Minor Magic

   Spells                             Type                      Level
   a - Magic Dart                     Conjuration                  1
   b - Blink                          Translocation                2
   c - Call Imp                       Summoning                    2
   d - Slow                           Hexes                        2
   e - Conjure Flame                  Conjuration/Fire             3
   f - Mephitic Cloud                 Conjuration/Poison/Air       3
 N - a book of Battle

   Spells                             Type                      Level
   a - Infusion                       Charms                       1
   b - Shroud of Golubria             Charms/Translocation         2
   c - Song of Slaying                Charms                       2
   d - Spectral Weapon                Hexes/Charms                 3
   e - Regeneration                   Charms/Necromancy            3
 O - a Necronomicon

   Spells                             Type                      Level
   a - Haunt                          Necromancy/Summoning         7
   b - Borgnjor's Revivification      Necromancy                   8
   c - Death's Door                   Charms/Necromancy            8
   d - Infestation                    Necromancy                   8
   e - Necromutation                  Transmutation/Necromancy     8
Comestibles
 o - 10 fruits
 u - 12 royal jellies
 x - 4 bread rations
 H - 3 meat rations


   Skills:
 + Level 3.3 Fighting
 + Level 5.0 Short Blades
 * Level 7.1 Dodging
 + Level 10.6 Stealth
 + Level 7.7 Spellcasting
 - Level 8.6 Hexes
 - Level 4.6 Charms
 + Level 0.6 Summonings
 * Level 2.2 Necromancy
 - Level 3.0 Ice Magic


You had 4 spell levels left.
You knew the following spells:

 Your Spells              Type           Power        Failure   Level  Hunger
a - Corona                Hex            ####...      1%          1    None
b - Ensorcelled Hibernat  Hex/Ice        ###...       1%          2    None
c - Confuse               Hex            ####....     1%          3    ##.....
d - Confusing Touch       Hex            ####..       1%          1    None
e - Dazzling Spray        Conj/Hex       ###...       2%          3    ##.....
f - Regeneration          Chrm/Necr      ###.......   3%          3    ##.....
g - Summon Small Mammal   Summ           #...         4%          1    None
h - Call Imp              Summ           #.......     6%          2    None
i - Infusion              Chrm           ###.         1%          1    None
j - Spectral Weapon       Hex/Chrm       ####....     1%          3    ##.....
k - Animate Skeleton      Necr           N/A          1%          1    None


Dungeon Overview and Level Annotations

Branches:
Dungeon (9/15)             Temple (0/1) D:5            Lair (2/6) D:8
    Orc (0/2) D:9
  Swamp: Lair:2-4    Shoals: Lair:2-4     Snake: Lair:2-4    Spider: Lair:2-4

Altars:
Dithmenos
Gozag
Nemelex Xobeh
Qazlal
Ru
Uskayaw
Zin

Annotations:
Lair:1 exclusion: oklob plant
Lair:2 Urug


Innate Abilities, Weirdness & Mutations

You have razor-sharp teeth.
Your natural rate of healing is unusually fast.
When hurt, damage is shared between your health and your magic reserves.
Your bite disrupts and absorbs the magic of your enemies.
Potions cannot restore your health.
You are immune to rotting.


Message History

Urug resists with significant effort.
Urug hits you with an enchanted double sword!
You closely miss Urug.
Urug is almost dead.
Urug closely misses you.
You hit Urug.
Urug is almost dead.
You hit Urug. You bite Urug. You drain her power.
You feel invigorated.
Urug is almost dead.
Urug hits you with an enchanted double sword!!
* * * LOW HITPOINT WARNING * * *
You hit Urug but do no damage. You bite Urug, but do no damage.
Urug is almost dead.
Urug completely misses you. The tyrant leech completely misses you.
You hit Urug. Your bite misses Urug.
Urug is almost dead.
You barely miss Urug.
Urug is almost dead.
Urug hits you with an enchanted double sword!!
You die...

...###....## ...#
#.....# ...... ####
#....## .....# ##
###.....###### ......
.###.#.....#.##P##......
.................(....♣
..............>......♣
................o.w..♣≈≈
............?...@w....§≈
.................w...♣§§
.....................♣
###..##...#.###.###...♣
##....#...##.#### ...#
..... #.... ... ..# ....
....##..... ..# ##...
.... ...


You could see Urug and 3 tyrant leeches.

Vanquished Creatures
  Erica (D:8)
  A two-headed ogre (D:8)
  Pikel (D:9)
  A deep elf mage (D:8)
  A centaur skeleton (D:7)
  A spiny frog (Lair:1)
  A rime drake (Lair:2)
  A troll (D:9)
  2 hornets (D:8)
  The ghost of Fenrir042 the Covert, a novice SpEn of Vehumet (D:5)
  4 blink frogs
  Grinder (D:3)
  2 hippogriffs
  Sigmund (D:3)
  A wyvern (D:8)
  5 yaks
  The ghost of skittles the Firebug, an amateur DrFE (D:4)
  A soldier ant (D:8)
  2 water moccasins
  A porcupine (Lair:1)
  2 orc warriors
  2 ice beasts
  2 sky beasts
  3 ogres
  4 wolves (Lair:1)
  2 centaurs
  A crocodile (D:8)
  3 big kobolds
  13 bullfrogs
  4 scorpions
  A water moccasin skeleton (D:9)
  13 killer bees
  A wight (D:6)
  A howler monkey (D:6)
  A quasit (D:8)
  3 crimson imps
  8 hounds
  An orc priest (D:8)
  A bullfrog skeleton (D:9)
  2 iguanas
  4 orc wizards
  Jessica (D:3)
  3 worker ants
  2 hound zombies
  7 gnolls
  7 adders
  A river rat (Lair:2)
  5 shadow imps
  An ooze (D:3)
  2 adder zombies (D:9)
  4 dart slugs
  7 leopard geckos
  26 orcs
  2 giant cockroaches (D:1)
  5 goblins
  6 hobgoblins
  4 jackals
  52 kobolds
  2 quokkas
  A ball python (D:3)
  7 bats
  7 frilled lizards
  A quokka skeleton (D:4)
  12 rats
267 creatures vanquished.

Vanquished Creatures (collateral kills)
  A blink frog (D:8)
  An orc (D:8)
2 creatures vanquished.

Vanquished Creatures (others)
  A fungus (Lair:1)
  2 spectral weapons (Lair:1)
3 creatures vanquished.

Grand Total: 272 creatures vanquished

Notes
Turn   | Place    | Note
-------+----------+-------------------------------------------
     0 | D:1      | Hook the Vine Stalker Enchanter began the quest for the Orb.
     0 | D:1      | Reached XP level 1. HP: 9/9 MP: 4/4
   214 | D:1      | Reached skill level 1 in Short Blades
   214 | D:1      | Reached XP level 2. HP: 9/13 MP: 4/6
   462 | D:1      | Learned a level 2 spell: Ensorcelled Hibernation
   732 | D:1      | Reached XP level 3. HP: 15/16 MP: 4/7
   743 | D:1      | Reached skill level 4 in Stealth
  1594 | D:2      | Gained mutation: Your natural rate of healing is unusually fast. [Vine Stalker growth]
  1594 | D:2      | Reached XP level 4. HP: 14/21 MP: 2/9
  2159 | D:2      | Learned a level 3 spell: Confuse
  2644 | D:3      | Found a glowing silver altar of Zin.
  2647 | D:3      | Noticed Grinder
  2650 | D:3      | Found an opulent altar of Gozag.
  2717 | D:3      | Noticed Sigmund
  2832 | D:3      | Killed Sigmund
  2832 | D:3      | Reached skill level 1 in Ice Magic
  2832 | D:3      | Reached XP level 5. HP: 23/25 MP: 3/10
  2832 | D:3      | Reached XP level 6. HP: 27/29 MP: 3/11
  3012 | D:3      | Found a hide-covered altar of Uskayaw.
  3076 | D:3      | Noticed Jessica
  3104 | D:3      | Killed Jessica
  3622 | D:3      | Reached skill level 1 in Fighting
  4227 | D:3      | Killed Grinder
  4227 | D:3      | Reached skill level 5 in Stealth
  4227 | D:3      | Reached XP level 7. HP: 31/33 MP: 13/13
  4280 | D:4      | Found a stormy altar of Qazlal.
  4363 | D:4      | Reached skill level 5 in Hexes
  4429 | D:4      | Found a sparkling altar of Nemelex Xobeh.
  4458 | D:4      | Noticed skittles's ghost (amateur DrFE)
  4664 | D:5      | Entered Level 5 of the Dungeon
  4674 | D:5      | Found a shadowy altar of Dithmenos.
  4719 | D:5      | Became a worshipper of Dithmenos the Shadowed
  4815 | D:5      | Noticed Fenrir042's ghost (novice SpEn)
  4913 | D:4      | Killed skittles's ghost
  4913 | D:4      | Gained mutation: You have razor-sharp teeth. [Vine Stalker growth]
  4913 | D:4      | Reached XP level 8. HP: 38/38 MP: 8/15
  5083 | D:4      | Reached skill level 6 in Stealth
  5141 | D:4      | Found a stormy altar of Qazlal.
  5175 | D:4      | Learned a level 1 spell: Confusing Touch
  5207 | D:4      | Learned a level 3 spell: Dazzling Spray
  5337 | D:5      | Killed Fenrir042's ghost
  5520 | D:5      | Found a staircase to the Ecumenical Temple.
  5742 | D:5      | Reached skill level 7 in Stealth
  5887 | D:6      | Reached XP level 9. HP: 42/42 MP: 5/17
  6075 | D:6      | Reached * piety under Dithmenos
  6075 | D:6      | Reached skill level 5 in Spellcasting
  6333 | D:6      | Got a pair of crude gloves
  6335 | D:6      | Identified the cursed +0 pair of gloves "Burecwev" {rF+ Str+2 Dex-3} (You found it on level 6 of the Dungeon)
  6429 | D:6      | Found a sacrificial altar of Ru.
  6635 | D:6      | Reached skill level 8 in Stealth
  6927 | D:7      | Learned a level 3 spell: Regeneration
  7215 | D:7      | Reached skill level 5 in Dodging
  7215 | D:7      | Reached skill level 1 in Charms
  7417 | D:7      | Reached XP level 10. HP: 43/47 MP: 13/19
  7648 | D:8      | Found a staircase to the Lair.
  7927 | D:8      | Reached skill level 9 in Stealth
  7942 | D:8      | Reached ** piety under Dithmenos
  7960 | D:8      | Noticed a two-headed ogre
  7972 | D:8      | Killed a two-headed ogre
  8091 | D:8      | Noticed Erica
  8092 | D:8      | Killed Erica
  8446 | D:8      | Noticed a deep elf mage
  8459 | D:8      | Killed a deep elf mage
  8540 | D:8      | Learned a level 1 spell: Summon Small Mammal
  8584 | D:8      | Reached skill level 10 in Stealth
  8584 | D:8      | Reached XP level 11. HP: 52/52 MP: 15/22
  8627 | D:9      | Learned a level 2 spell: Call Imp
  8666 | D:9      | Found a staircase to the Orcish Mines.
  8848 | D:9      | Reached *** piety under Dithmenos
  9016 | D:9      | Noticed Pikel
  9025 | D:9      | Killed Pikel
  9418 | Lair:1   | Entered Level 1 of the Lair of Beasts
  9567 | Lair:1   | Learned a level 1 spell: Infusion
  9571 | Lair:1   | Learned a level 3 spell: Spectral Weapon
  9765 | Lair:1   | Reached skill level 1 in Necromancy
 10069 | D:8      | Reached skill level 5 in Short Blades
 10137 | D:8      | Learned a level 1 spell: Animate Skeleton
 10439 | Lair:1   | Noticed an oklob plant
 10797 | Lair:2   | Noticed Urug
 10812 | Lair:2   | Mangled by Urug

Skill      XL: |  1  2  3  4  5  6  7  8  9 10 11 |
---------------+----------------------------------+-----
Short Blades   | 1 2 3 4 5 |  5.0
Stealth        | 4 5 7 8 10 | 10.6
Dodging        | 2 3 4 5 6 7 |  7.1
Spellcasting   | 3 4 5 6 7 |  7.7
Hexes          | 4 5 6 7 8 |  8.6
Ice Magic      | 1 2 3 |  3.0
Fighting       | 1 2 3 |  3.3
Charms         | 1 3 4 |  4.6
Necromancy     | 2 |  2.2
Summonings     | |  0.6

Action                   |  1- 3 |  4- 6 |  7- 9 | 10-12 || total
-------------------------+-------+-------+-------+-------++-------
Melee: Dagger            |    83 |   190 |   238 |   311 ||   822
       Bite              |    11 |    43 |    60 |    77 ||   191
 Cast: Corona            |    14 |     5 |    10 |    12 ||    41
       Ensorcelled Hiber |    11 |    27 |    41 |    80 ||   159
       Confuse           |       |     6 |    16 |    12 ||    34
       Confusing Touch   |       |       |     1 |       ||     1
       Summon Small Mamm |       |       |       |     4 ||     4
       Spectral Weapon   |       |       |       |     6 ||     6
       Call Imp          |       |       |       |     3 ||     3
       Infusion          |       |       |       |     2 ||     2
       Animate Skeleton  |       |       |       |     1 ||     1
Invok: Shadow Step       |       |       |       |     4 ||     4
  Use: Scroll            |     5 |     5 |     6 |     1 ||    17
 Stab: Sleeping          |     9 |    18 |    37 |    63 ||   127
       Confused          |       |     1 |     7 |     4 ||    12
       Distracted        |       |       |       |     2 ||     2
  Eat: Chunk             |     1 |     4 |     6 |     3 ||    14
       Royal jelly       |     1 |       |     1 |       ||     2
       Fruit             |       |     2 |     4 |     7 ||    13
       Bread ration      |       |     1 |       |       ||     1
       Meat ration       |       |       |     1 |       ||     1
Armor: Robe              |    13 |    29 |    47 |    30 ||   119
Dodge: Dodged            |    53 |   186 |   234 |   332 ||   805
